 Dungeon Crawl Stone Soup version 0.29.1-1-gd02db6906a (webtiles) character file.

Game seed: 12175622339056082685

41 fireball365 the Digger (level 3, 0/26 HPs)
             Began as a Demigod Earth Elementalist on Oct 7, 2022.
             Slain by an orc
             ... wielding a +0 hand axe
              (3 damage)
             ... on level 4 of the Dungeon.
             The game lasted 00:07:38 (1799 turns).

fireball365 the Digger (Demigod Earth Elementalist) Turns: 1799, Time: 00:07:39

Health: 0/26       AC:  7    Str: 13    XL:     3   Next: 16%
Magic:  5/9        EV: 11    Int: 17    God:
Gold:   109        SH:  0    Dex: 14    Spells: 5/6 levels left

rFire   . . .      SeeInvis .   m - +0 morningstar
rCold   . . .      Faith    .   (no shield)
rNeg    . . .      Spirit   .   q - +0 ring mail
rPois   .          Reflect  .   l - +0 hat
rElec   .          Harm     .   (no cloak)
rCorr   .          Rampage  .   c - +1 pair of gloves
Will    .....                   (no boots)
Stlth   +.........              (no amulet)
HPRegen 0.08/turn               (no ring)
MPRegen 0.11/turn               (no ring)

@: mighty, very slightly contaminated
A: high MP 1, forlorn, divine attributes
a: no special abilities


You were on level 4 of the Dungeon.
You visited 1 branch of the dungeon, and saw 3 of its levels.

You collected 109 gold pieces.

Inventory:

Hand Weapons
 e - a +0 dagger of draining
 m - a +0 morningstar (weapon)
 o - a +0 mace
 p - a +0 hand axe
 s - a +0 flail
Missiles
 d - 25 stones
Armour
 a - a +0 robe
 c - a +1 pair of gloves (worn)
 k - the +1 robe of Matoru {rPois}
   (You found it on level 2 of the Dungeon)

   rPois:     It protects you from poison.
 l - a +0 hat (worn)
 q - a +0 ring mail (worn)
Scrolls
 f - a scroll of identify {unknown}
 g - a scroll of blinking {unknown}
 h - 2 scrolls of summoning {unknown}
 i - 2 scrolls of teleportation {unknown}
 n - a scroll of torment {unknown}
Potions
 b - a potion of magic
 j - a potion of might
 r - a potion of flight {unknown}


   Skills:
 + Level 0.1 Maces & Flails
 + Level 1.9 Dodging
 + Level 2.1 Stealth
 + Level 2.3 Spellcasting
 + Level 0.8 Transmutations
 + Level 3.3 Earth Magic


You had 5 spell levels left.
You knew the following spells:

 Your Spells              Type           Power      Damage    Failure   Level
a - Sandblast             Erth           26%        2d8       11%         1

Your spell library contained the following spells:

 Spells                   Type           Power      Damage    Failure   Level
 Passwall                 Tmut/Erth      7%         N/A       26%         2
 Necrotise                Necr           8%         1d4       38%         1
 Stone Arrow              Conj/Erth      14%        3d7       52%         3
 Vampiric Draining        Necr           2%         2d6       77%         3
 Petrify                  Tmut/Erth      9%         N/A       86%         4
 Agony                    Necr           2%         N/A       100%        5


Dungeon Overview and Level Annotations

Branches:
Dungeon (2/15)


Innate Abilities, Weirdness & Mutations

You have an increased reservoir of magic. (+10% MP)
You shall have no god before yourself.
Your divine heritage dramatically boosts your attributes as you level up.


Message History

The orc hits you with a +0 mace.
You are too injured to fight recklessly!
You are too injured to fight recklessly!
You are too injured to fight recklessly!
Casting: Sandblast (safe; 11% risk of failure)
Confirm with . or Enter, or press ? or * to list all spells.
Aiming: Sandblast (safe; 11% risk of failure)
Press: ? - help, Shift-Dir - straight line, f - orc
Aim: an orc, wielding a +0 mace (82% to hit)
The blast of sand hits the orc!
The orc is almost dead.
The orc hits you with a +0 mace.
* * * LOW HITPOINT WARNING * * *
The orc closely misses you.
It was a potion of might.
You feel very mighty all of a sudden. The orc closely misses you.
The orc hits you but does no damage.
You are too injured to fight recklessly!
Casting: Sandblast (safe; 11% risk of failure)
Confirm with . or Enter, or press ? or * to list all spells.
Aiming: Sandblast (safe; 11% risk of failure)
Press: ? - help, Shift-Dir - straight line, f/p - orc
Aim: an orc, wielding a +0 mace (almost dead, 82% to hit)
The blast of sand hits the orc!
You kill the orc!
The orc closely misses you.
Casting: Sandblast (safe; 11% risk of failure)
Confirm with . or Enter, or press ? or * to list all spells.
Aiming: Sandblast (safe; 11% risk of failure)
Press: ? - help, Shift-Dir - straight line, f - orc
Aim: an orc, wielding a +0 hand axe, wearing a +0 leather armour and quivering boomerangs (82% to hit)
You miscast Sandblast.
You are very lightly contaminated with residual magic.
Nothing appears to happen.
You puncture the orc!
You kill the orc!
The orc hits you with a +0 hand axe.
* * * LOW HITPOINT WARNING * * *
The orc hits you with a +0 hand axe.
You die...

#......######.#...####
#)####............# #
#####..####...........####
#...........#####.......#
....###..###### #.#.###.#
## #..# #.#.# ... #..#
#.#.# ## #).#### ##...
#...o@# #.# #.###)# #.#
#.. ..# #.# ...<...
##.#.#.## #.#.#.# ......#
... #.#


You could see an orc.

Vanquished Creatures
  An adder (D:2)
  A worm (D:2)
  3 orcs (D:4)
  3 bats (D:1)
  An endoplasm (D:2)
  2 giant cockroaches
  4 goblins
  A hobgoblin (D:4)
  2 jackals (D:1)
  2 kobolds
  A quokka (D:2)
  2 ball pythons
  3 rats
26 creatures vanquished.

Notes
Turn   | Place    | Note
-------+----------+-------------------------------------------
     0 | D:1      | fireball365 the Demigod Earth Elementalist began the quest
                  | for the Orb.
     0 | D:1      | Reached XP level 1. HP: 14/14 MP: 5/5
   410 | D:1      | Reached XP level 2. HP: 20/20 MP: 4/7
   592 | D:1      | Reached skill level 3 in Earth Magic
   824 | D:2      | Identified the +1 robe of Matoru {rPois}
  1648 | D:2      | You fall into a shaft and drop 2 floors!
  1715 | D:4      | Reached XP level 3. HP: 26/26 MP: 6/9
  1799 | D:4      | Slain by an orc

Illustrated notes

Levels and vault maps discovered:
D:1:      evilmike_arrival_plus, layout_basic
D:2:      layout_basic, hellmonk_ecumenical_altar_arch_garden, basic_altar,
          bh_walls_and_bars
D:4:      layout_loops_ring, nzn_hepliaklqana_mist_gate,
          overflow_temple_1_default, temple_doors_e

Skill      XL: |  1  2 |
---------------+-------+-----
Stealth        | 2 |  2.1
Spellcasting   | 2 |  2.3
Earth Magic    | 3 |  3.3
Maces & Flails | |  0.1
Dodging        | |  1.9
Transmutations | |  0.8

Action                   || total
-------------------------++-------
Melee: Unarmed           ||     1
       Morningstar       ||    12
 Cast: Sandblast         ||    33
  Use: Potion            ||     1
Armor: Robe              ||     6
       Ring mail         ||     6
Dodge: Dodged            ||    28
